 Dungeon Crawl Stone Soup version 0.30-a0-840-ga523dec638 (webtiles) character file.

Game seed: 16135626765044020324

29540 Iich the Severer (level 13, -1/183 HPs)
             Began as a Hill Orc Fighter on Mar 1, 2023.
             Was an Initiate of Gozag.
             Slain by an 11-headed hydra (3 damage)
             ... on level 2 of the Lair of Beasts.
             The game lasted 00:27:51 (15906 turns).

Iich the Severer (Hill Orc Fighter)                Turns: 15906, Time: 00:27:52

Health: -1/183     AC: 18    Str: 30    XL:     13   Next: 45%
Magic:  13/13      EV: 13    Int: 15    God:    Gozag
Gold:   257        SH: 16    Dex: 16    Spells: 12/12 levels left

rFire   + . .      SeeInvis +    O - +1 broad axe (heavy)
rCold   + . .      Faith    .    e - +0 tower shield
rNeg    + + +      Spirit   .    T - +7 ring mail of the Other Side {rC- rN+++ Str+4 Int+4}
rPois   +          Reflect  .    R - +2 helmet of Ywunk {Str+3 Stlth-}
rElec   .          Harm     .    n - +0 cloak
rCorr   +          Rampage  .    (no gloves)
Will    .....                    c - +0 pair of boots Stlth
                                 H - amulet of the acrobat
HPRegen 0.50/turn                W - ring "Himesmiadu" {rF+ rC+ rCorr Str+3 Dex+2}
MPRegen 0.13/turn                V - ring of Xom's Attic {Fly rPois rC+ Int+3 SInv}

@: berserking, flying, very quick
A: no striking features
a: Renounce Religion, Potion Petition, Call Merchant, Bribe Branch


You were on level 2 of the Lair of Beasts.
You worshipped Gozag.
Gozag was aware of your devotion.
You visited 3 branches of the dungeon, and saw 13 of its levels.
You also visited: Sewer, Ossuary and Bailey.

You collected 3061 gold pieces.
You spent 1691 gold pieces at shops.
You paid 1113 gold pieces to Gozag.

Inventory:

Hand Weapons
 O - a +1 heavy broad axe (weapon)
Missiles
 j - 2 throwing nets (quivered)
Armour
 c - a +0 pair of boots (worn)
 e - a +0 tower shield (worn)
 n - a +0 cloak (worn)
 y - a +0 crystal plate armour
 N - a +4 scale mail
 R - the +2 helmet of Ywunk (worn) {Str+3 Stlth-}
   (You bought it in a shop on level 3 of the Dungeon)

   Str:       It affects your strength (+3).
   Stlth:     It makes you less stealthy.
 T - the +7 ring mail of the Other Side (worn) {rC- rN+++ Str+4 Int+4}
   (You found it on level 1 of the Lair of Beasts)

   Str:       It affects your strength (+4).
   Int:       It affects your intelligence (+4).
   rC:        It makes you vulnerable to cold.
   rN:        It renders you almost immune to negative energy.
Jewellery
 f - a ring of ice
 v - an amulet of magic regeneration
 w - a ring of protection from cold
 H - an amulet of the acrobat (around neck)
 J - a +6 ring of intelligence
 L - an amulet of the acrobat
 V - the ring of Xom's Attic (right hand) {Fly rPois rC+ Int+3 SInv}
   (You bought it in a shop on level 10 of the Dungeon)

   [ring of flight]

   Int:       It affects your intelligence (+3).
   rC:        It protects you from cold.
   rPois:     It protects you from poison.
   SInv:      It lets you see invisible.
   Fly:       It grants you flight.
 W - the ring "Himesmiadu" (left hand) {rF+ rC+ rCorr Str+3 Dex+2}
   (You bought it in a shop on level 10 of the Dungeon)

   [ring of resist corrosion]

   Str:       It affects your strength (+3).
   Dex:       It affects your dexterity (+2).
   rF:        It protects you from fire.
   rC:        It protects you from cold.
   rCorr:     It protects you from acid and corrosion.
Wands
 t - a wand of paralysis (6)
 z - a wand of digging (7)
 A - a wand of flame (30)
 M - a wand of mindburst (32)
Scrolls
 h - a scroll of immolation
 k - a scroll of vulnerability
 l - a scroll of noise
 o - a scroll of torment
 q - 7 scrolls of teleportation
 r - 2 scrolls of enchant armour
 s - 2 scrolls of amnesia
 u - a scroll of poison
 D - 2 scrolls of silence
 E - 6 scrolls of fear
 G - a scroll of identify
 I - a scroll of magic mapping
 P - 3 scrolls of fog
 Q - a scroll of butterflies
 U - a scroll of blinking
Potions
 a - 4 potions of haste
 b - 3 potions of brilliance
 d - 2 potions of might
 g - 2 potions of magic
 i - a potion of lignification
 m - 3 potions of cancellation
 p - a potion of curing
 B - 3 potions of resistance
 C - a potion of mutation
 F - 6 potions of heal wounds
 K - a potion of flight
 S - a potion of attraction
 X - a potion of ambrosia
Miscellaneous
 Y - a condenser vane


   Skills:
 + Level 13.3 Fighting
 * Level 19.3 Axes
 - Level 3.2 Armour
 + Level 9.0 Dodging
 + Level 8.8 Shields


You had 12 spell levels left.
You didn't know any spells.
Your spell library contained the following spells:

 Spells                   Type           Power      Damage    Failure   Level
 Magic Dart               Conj           0%         1d3       95%         1
 Slow                     Hex            0%         N/A       95%         1
 Sting                    Tmut/Pois      0%         1d3       95%         1
 Poisonous Vapours        Pois/Air       0%         N/A       99%         2
 Searing Ray              Conj           0%         2d4       99%         2
 Sublimation of Blood     Necr           0%         N/A       99%         2
 Call Canine Familiar     Summ           0%         N/A       100%        3
 Confusing Touch          Hex            0%         N/A       100%        3
 Ignite Poison            Fire/Tmut/Pois 0%         N/A       100%        3
 Portal Projectile        Hex/Tloc       0%         N/A       100%        3
 Vampiric Draining        Necr           0%         2d6       100%        3
 Fulminant Prism          Conj/Hex       0%         3d5       100%        4
 Leda's Liquefaction      Hex/Erth       0%         N/A       100%        4
 Olgreb's Toxic Radiance  Pois           0%         N/A       100%        4
 Petrify                  Tmut/Erth      0%         N/A       100%        4
 Sticky Flame             Conj/Fire      0%         2d3       100%        4
 Irradiate                Conj/Tmut      0%         3d11      100%        5
 Metabolic Englaciation   Hex/Ice        0%         N/A       100%        5
 Statue Form              Tmut/Erth      0%         N/A       100%        6
 Ignition                 Fire           0%         3d3       100%        8


Dungeon Overview and Level Annotations

Branches:
Dungeon (10/15)            Temple (1/1) D:7            Lair (2/5) D:9
 Spider (0/4) Lair:2        Sewer (visited)         Ossuary (visited)
 Bailey (visited)
  Swamp: Lair:2-3    Shoals: Lair:2-3       Orc: D:9-12

Altars:
Ashenzari
Dithmenos
Elyvilon
Gozag
Hepliaklqana
Kikubaaqudgha
Makhleb
Nemelex Xobeh
Qazlal
Ru
Sif Muna
Trog
Uskayaw
Vehumet
Wu Jian
Xom
Yredelemnul
Zin

Shops:
D:2 ([   D:3 [   D:8 *   D:10 =


Message History

The nine-headed hydra closely misses you.
You block the nine-headed hydra's attack.
The nine-headed hydra barely misses you.
The nine-headed hydra bites you.
* * * LOW HITPOINT WARNING * * *
A six-headed hydra comes into view.
The tyrant leech bites you.
* * * LOW HITPOINT WARNING * * *
You lop one of the nine-headed hydra's heads off!
The eight-headed hydra grows two more!
You hit the ten-headed hydra.
The ten-headed hydra is heavily wounded.
You slash the tyrant leech! The ten-headed hydra bites you!
* * * LOW HITPOINT WARNING * * *
The ten-headed hydra bites you but does no damage.
The ten-headed hydra bites you!
* * * LOW HITPOINT WARNING * * *
The ten-headed hydra bites you.
* * * LOW HITPOINT WARNING * * *
The ten-headed hydra misses you.
You block the ten-headed hydra's attack.
The ten-headed hydra bites you!
* * * LOW HITPOINT WARNING * * *
You block the ten-headed hydra's attack.
The ten-headed hydra bites you but does no damage.
You block the ten-headed hydra's attack.
You slice one of the ten-headed hydra's heads off!
The nine-headed hydra grows two more!
You chop the 11-headed hydra into pieces!!!
The 11-headed hydra is almost dead.
You slice the tyrant leech!! You block the tyrant leech's attack.
The 11-headed hydra bites you.
* * * LOW HITPOINT WARNING * * *
You block the 11-headed hydra's attack. The 11-headed hydra closely misses you.
The 11-headed hydra bites you!
* * * LOW HITPOINT WARNING * * *
You block the 11-headed hydra's attack.
The 11-headed hydra closely misses you. x2
The 11-headed hydra bites you but does no damage. x2
The 11-headed hydra bites you.
You die...
Your body crumbles into a pile of gold.

...#.....#.........#
##.....##....##....##.
###...##...#.........
##[.##...♣♣..♣♣♣♣♣♣♣
#######♣♣.$$~~~~≈≈♣
###P♣♣$~$~~~≈≈♣
#####P#..♣♣~~~≈~≈≈♣
#####..##...♣♣...~~~≈♣♣
#.#.##......#♣♣.@w♣♣♣♣
....#......♣♣ ♣♣.DD§§♣
#......#...♣ ♣♣♣♣.§♣
.....###P#♣♣ §§♣ #..###
### ..♣ ...# ..♣ ...#
~♣ .### .#


You could see a 11-headed hydra, a six-headed hydra and a tyrant leech.

Vanquished Creatures
  The ghost of Plog the Grappler, a journeyman TrFi of the Shining One (Lair:1)
  The ghost of Akefehecvi the Carver, a journeyman OpDe of Gozag (Lair:1)
  Erolcha (D:10)
  2 vault guards (Bailey)
  Erica (D:8)
  A two-headed ogre (D:10)
  Amaemon (D:10)
  A wolf spider (Lair:1)
  A cyclops (D:9)
  3 elephants (Lair:2)
  A torpor snail (Lair:2)
  An orange demon (D:10)
  A gargoyle (D:10)
  A rime drake (Lair:1)
  2 cane toads
  Psyche (D:8)
  3 komodo dragons
  A troll (D:9)
  2 hornets (D:9)
  Prince Ribbit (Bailey)
  A tyrant leech (Lair:2)
  4 blink frogs (Lair:2)
  59 yaks
  Sigmund (D:5)
  3 wyverns
  6 humans (Bailey)
  A basilisk (Lair:2)
  3 steam dragons
  5 swamp worms (Lair:2)
  6 water moccasins
  4 orc warriors
  2 black bears
  2 sky beasts (D:6)
  12 wolves
  An ogre (D:5)
  2 centaurs
  2 kobold brigands
  2 necrophages
  23 bullfrogs
  Blork the orc (D:6)
  8 scorpions
  13 wights
  12 killer bees
  7 electric eels
  8 howler monkeys
  A jelly (D:8)
  7 hounds
  A gnoll bouda (D:8)
  9 orc priests
  Ijyb (D:4)
  4 iguanas
  7 orc wizards
  8 mummies (Ossuary)
  9 gnolls
  7 adders
  3 white imps
  4 worms
  5 dart slugs
  28 orcs
  5 ball pythons
  4 endoplasms
  7 giant cockroaches
  2 gnoll zombies (Ossuary)
  5 hobgoblins
  19 kobolds
  A quokka (D:4)
  5 bats
  2 frilled lizards
  10 goblins
  A hobgoblin zombie (Ossuary)
  3 kobold zombies (Ossuary)
  2 orc zombies (Ossuary)
  6 rats
381 creatures vanquished.

Vanquished Creatures (others)
  An angel (D:10)
  2 fungi
  22 plants
25 creatures vanquished.

Grand Total: 406 creatures vanquished

Notes
Turn   | Place    | Note
-------+----------+-------------------------------------------
     0 | D:1      | Iich the Hill Orc Fighter began the quest for the Orb.
     0 | D:1      | Reached XP level 1. HP: 19/19 MP: 1/1
    45 | D:1      | Found a faded altar of an unknown god.
   234 | D:1      | Reached skill level 3 in Axes
   310 | D:1      | Reached XP level 2. HP: 26/27 MP: 2/2
   875 | D:2      | Reached skill level 4 in Axes
   875 | D:2      | Reached XP level 3. HP: 31/33 MP: 3/3
  1006 | D:2      | Found Vopaucke's Antique Weapon Shop.
  1027 | D:2      | Found Huipod's Antique Armour Shoppe.
  1139 | D:2      | Found a sacrificial altar of Ru.
  1336 | D:3      | Found a radiant altar of Vehumet.
  1357 | D:3      | Found a bloodstained altar of Trog.
  1888 | D:2      | Bought a glowing war axe for 156 gold pieces
  1902 | D:3      | Reached XP level 4. HP: 40/40 MP: 4/4
  1966 | D:3      | Found Jofunog's Antique Armour Shop.
  2249 | D:4      | Reached skill level 1 in Dodging
  2418 | D:4      | Reached skill level 5 in Axes
  2431 | D:4      | Reached XP level 5. HP: 31/47 MP: 5/5
  2638 | D:4      | Found a glowing drain.
  2654 | Sewer    | Entered a sewer
  2674 | Sewer    | Noticed a water moccasin
  2684 | Sewer    | Killed a water moccasin
  2685 | Sewer    | Reached skill level 5 in Fighting
  2685 | Sewer    | Reached skill level 6 in Axes
  2685 | Sewer    | Reached XP level 6. HP: 35/56 MP: 6/6
  3003 | D:4      | Identified the +0 robe of the Dungeon {Regen+ Dex+5}
  3259 | D:5      | Entered Level 5 of the Dungeon
  3261 | D:5      | Noticed Ijyb
  3261 | D:5      | Noticed a black bear
  3262 | D:5      | Noticed Sigmund
  3281 | D:4      | Killed Ijyb
  3554 | D:4      | Killed a black bear
  3555 | D:4      | Reached skill level 7 in Axes
  3702 | D:5      | Killed Sigmund
  3703 | D:5      | Reached XP level 7. HP: 57/62 MP: 7/7
  3856 | D:5      | Reached skill level 8 in Axes
  4009 | D:5      | Reached XP level 8. HP: 34/71 MP: 8/8
  4465 | D:5      | Reached skill level 9 in Axes
  4519 | D:6      | Noticed Blork the orc
  4524 | D:6      | Killed Blork the orc
  4711 | D:6      | Found a sacrificial altar of Ru.
  5108 | D:6      | Reached skill level 10 in Axes
  5512 | D:6      | Found a hazy altar of Hepliaklqana.
  5631 | D:6      | Reached XP level 9. HP: 28/76 MP: 9/9
  6110 | D:6      | Reached skill level 11 in Axes
  6757 | D:7      | Found a sand-covered staircase.
  6762 | Ossuary  | Entered an ossuary
  7067 | D:7      | Found a flagged portal.
  7102 | Bailey   | Entered a bailey
  7116 | Bailey   | Reached skill level 12 in Axes
  7116 | Bailey   | Reached skill level 5 in Dodging
  7281 | Bailey   | Reached skill level 13 in Axes
  7281 | Bailey   | Reached XP level 10. HP: 30/91 MP: 10/10
  7596 | Bailey   | Noticed Prince Ribbit
  7596 | Bailey   | Noticed a vault guard
  7602 | Bailey   | Killed Prince Ribbit
  7620 | Bailey   | Killed a vault guard
  7621 | Bailey   | Reached skill level 14 in Axes
  7712 | Bailey   | Noticed a vault guard
  7725 | Bailey   | Killed a vault guard
  7726 | Bailey   | Reached skill level 10 in Fighting
  7836 | D:7      | Upgraded the game from 0.30-a0-830-gfe289a77b0 to
                  | 0.30-a0-840-ga523dec638
  7924 | D:7      | Found a white marble altar of Elyvilon.
  8069 | D:7      | Found a hide-covered altar of Uskayaw.
  8190 | D:7      | Found a staircase to the Ecumenical Temple.
  8734 | Temple   | Entered the Ecumenical Temple
  8776 | Temple   | Became a worshipper of Gozag Ym Sagoz the Greedy
  9095 | D:3      | Bought a heavily runed helmet for 190 gold pieces
  9095 | D:3      | Identified the +2 helmet of Ywunk {Str+3 Stlth-} (You
                  | bought it in a shop on level 3 of the Dungeon)
  9261 | D:8      | Reached skill level 15 in Axes
  9266 | D:8      | Reached XP level 11. HP: 100/101 MP: 11/11
  9348 | D:8      | Found Nidi's CLEARANCE SALE!.
  9355 | D:8      | Bought a scroll of brand weapon for 76 gold pieces
  9650 | D:8      | Noticed Psyche
  9653 | D:8      | Noticed Erica
  9654 | D:8      | Killed Psyche
  9668 | D:8      | Killed Erica
  9828 | D:8      | Found an ancient bone altar of Kikubaaqudgha.
  9830 | D:8      | Found a basalt altar of Yredelemnul.
  9830 | D:8      | Found a shadowy altar of Dithmenos.
  9850 | D:8      | Found a sparkling altar of Nemelex Xobeh.
  9853 | D:8      | Found a stormy altar of Qazlal.
  9975 | D:9      | Found a staircase to the Lair.
  9995 | D:9      | HP: 5/101 [electric eel/bolt of electricity (6)]
 11353 | D:9      | Reached skill level 5 in Shields
 11439 | D:9      | Reached skill level 16 in Axes
 11705 | D:9      | Paralysed by a hornet for 3 turns
 11984 | D:9      | Found an ornate altar of the Wu Jian Council.
 12029 | D:9      | Noticed a cyclops
 12036 | D:9      | Killed a cyclops
 12388 | D:10     | Entered Level 10 of the Dungeon
 12396 | D:10     | Noticed a two-headed ogre
 12407 | D:10     | Killed a two-headed ogre
 12408 | D:10     | Reached XP level 12. HP: 76/110 MP: 12/12
 12713 | D:10     | Found a shimmering altar of Xom.
 12713 | D:10     | Found a glowing silver altar of Zin.
 12714 | D:10     | Noticed an angel
 12743 | D:10     | Noticed Erolcha
 12748 | D:10     | Killed Erolcha
 12749 | D:10     | Reached skill level 17 in Axes
 12846 | D:10     | Noticed Amaemon
 12851 | D:10     | Killed Amaemon
 13097 | D:10     | Killed an angel
 13527 | Lair:1   | Entered Level 1 of the Lair of Beasts
 13764 | Lair:1   | Reached skill level 18 in Axes
 13955 | Lair:1   | Identified the +7 dagger "Quddeisae" {flame, rN++ Str+4
                  | Stlth-}
 14138 | Lair:1   | Found a runed translucent gate.
 14138 | Lair:1   | Found a runed translucent gate.
 14139 | Lair:1   | Found a runed translucent gate.
 14142 | Lair:1   | Noticed Plog's ghost (journeyman TrFi)
 14142 | Lair:1   | Noticed Akefehecvi's ghost (journeyman OpDe)
 14706 | Lair:1   | Identified the +7 ring mail of the Other Side {rC- rN+++
                  | Str+4 Int+4}
 14853 | Lair:2   | Reached XP level 13. HP: 108/119 MP: 13/13
 15015 | Lair:2   | Found a hole to the Spider Nest.
 15037 | Lair:2   | Reached skill level 19 in Axes
 15256 | D:10     | Bought the ring of Xom's Attic {Fly rPois rC+ Int+3 SInv}
                  | for 600 gold pieces
 15256 | D:10     | Bought the ring "Himesmiadu" {rF+ rC+ rCorr Str+3 Dex+2}
                  | for 669 gold pieces
 15359 | Lair:1   | Killed Plog's ghost
 15366 | Lair:1   | Killed Akefehecvi's ghost
 15905 | Lair:2   | HP: 9/183 [ten-headed hydra (9)]
 15906 | Lair:2   | HP: 2/183 [11-headed hydra (7)]
 15906 | Lair:2   | Slain by an 11-headed hydra

Illustrated notes

Levels and vault maps discovered:
D:1:      psy_arrival_statuary, layout_loops_ring,
          hellmonk_ecumenical_altar_arch_garden, solitary_fountain, minivault_4
D:2:      layout_rooms, serial_shops, nicolae_shop_overgrown_old_shop,
          nicolae_shop_advertising_works [nicolae_subvault_shop_adworks],
          basic_altar
D:3:      layout_loops_ring, trog_three_pillars_becter,
          mainiacjoe_overflow_brackets, serial_shops, nicolae_shop_hallway_plus
D:4:      layout_loops_ring, portal_sewer_entry_e, minmay_strange_pillars
D:5:      layout_loops_ring, uniq_sigmund, uniq_ijyb
D:6:      wad_lake_hut, layout_gridville, amcnicky_altar_gilded,
          hangedman_ru_absence, kennysheep_generic_room_4, uniq_blork_the_orc
D:7:      layout_rooms, mainiacjoe_overflow_catwalk_spiral,
          minmay_temple_entry_from_below_a, enter_ossuary_2, enter_bailey_5,
          hangedman_decor_diamond_cutter
D:8:      layout_gridville, minmay_overflow_temple_star_hex,
          nicolae_shop_clearance, uniq_prince_ribbit1, uniq_psyche, uniq_erica
D:9:      layout_gridville, nicolae_wu_jian_immortal_techniques,
          erik_lair_island, nicolae_kite_square_tiling_tiny, nrook_mini_vaults,
          nicolae_nh_ransacked_shop
D:10:     argonaut_augean_stables, layout_basic,
          grunt_temple_overflow_order_and_chaos_1, uniq_amaemon, uniq_erolcha
Temple:   nicolae_temple_superstar
Lair:1:   layout_cave_pods, gammafunk_ghost_cemetery, st_stairs_6,
          nicolae_lair_run_with_the_wolves, lemuel_fruit_fields
Lair:2:   layout_misc_corridors, palyth_hydra_swamp_entry,
          nicolae_spider_entry_non_spiders, worms_lemuel

Skill      XL: |  1  2  3  4  5  6  7  8  9 10 11 12 13 |
---------------+----------------------------------------+-----
Axes           | 3 4 5 6 7 8 10 13 15 16 18 19 | 19.3
Fighting       | 4 5 6 7 9 10 11 12 13 | 13.3
Dodging        | 1 2 3 4 5 6 7 8 9 |  9.0
Shields        | 6 7 8 |  8.8
Armour         | |  3.2

Action                     |  1- 3 |  4- 6 |  7- 9 | 10-12 | 13-15 || total
---------------------------+-------+-------+-------+-------+-------++-------
  Melee: War axe           |   104 |   102 |   271 |    41 |       ||   518
         Broad axe         |       |       |       |   347 |    91 ||   438
 Invoke: Potion Petition   |       |       |       |     1 |       ||     1
         Call Merchant     |       |       |       |     1 |       ||     1
  Evoke: Wand              |       |       |       |    13 |       ||    13
    Use: Scroll            |     1 |     7 |     6 |     8 |     2 ||    24
         Potion            |     1 |     3 |     5 |     3 |     2 ||    14
   Stab: Distracted        |       |       |       |     3 |     1 ||     4
 Armour: Scale mail        |     7 |       |       |   130 |       ||   137
         Chain mail        |    46 |    46 |   101 |    12 |       ||   205
         Ring mail         |       |       |       |     6 |    40 ||    46
  Dodge: Dodged            |    24 |    43 |    99 |   206 |    57 ||   429
  Block: Buckler           |    15 |    26 |    27 |       |       ||    68
         Kite shield       |       |       |    39 |    20 |       ||    59
         Tower shield      |       |       |       |   313 |    96 ||   409

Table legend: (Time is in decaauts)
 A = Elapsed time spent in this place.
 B = Non-inter-level travel time spent in this place.
 C = Inter-level travel time spent in this place.
 D = Time resting spent in this place.
 E = Time spent auto-exploring this place.
 F = Levels seen in this place.
 G = Mean time per level.
                   A        B        C        D        E       F      G
               +--------+--------+--------+--------+--------+-----+--------+
         Total |  16237 |  15392 |    845 |   2278 |   9606 |  16 | 1014.8 |
       Dungeon |  12635 |  11936 |    699 |   2215 |   7154 |  10 | 1263.5 |
        Temple |     71 |     71 |      0 |      0 |     30 |   1 |   71.0 |
          Lair |   2343 |   2197 |    146 |      0 |   1803 |   2 | 1171.5 |
         Sewer |    205 |    205 |      0 |      0 |    128 |   1 |  205.0 |
       Ossuary |    236 |    236 |      0 |      0 |     32 |   1 |  236.0 |
        Bailey |    744 |    744 |      0 |     63 |    459 |   1 |  744.0 |
               +--------+--------+--------+--------+--------+-----+--------+

Top non-repeatable levels by time:
     D:8: 2248 daAuts
     D:5: 1814 daAuts
     D:9: 1667 daAuts
  Lair:1: 1568 daAuts
     D:4: 1353 daAuts
     D:6: 1260 daAuts
    D:10: 1219 daAuts
     D:3: 915 daAuts
  Lair:2: 775 daAuts
     D:7: 772 daAuts
  Bailey: 744 daAuts
     D:1: 717 daAuts
     D:2: 667 daAuts
 Ossuary: 236 daAuts
   Sewer: 205 daAuts
